 Dungeon Sprint DCSS version 0.26.1-2-gb8aa6d0cf2 (webtiles) character file.

Game seed: 10593212470156559479

106 Groucho the Covert (level 4, -3/21 HPs)
             Began as a Spriggan Enchanter on Feb 25, 2021.
             Was a Believer of Kikubaaqudgha.
             Slain by a flying skull (11 damage)
             ... in the Dungeon (Sprint VII: "The Pits").
             The game lasted 00:02:17 (1221 turns).

Groucho the Covert (Spriggan Enchanter)             Turns: 1221, Time: 00:02:17

Health: -3/21      AC:  2    Str:  5    XL:     4   Next: 55%
Magic:  6/9        EV: 18    Int: 16    God:    Kikubaaqudgha [**....]
Gold:   0          SH:  0    Dex: 16    Spells: 2/8 levels left

rFire    . . .     SeeInvis +   n - +0 dagger (venom)
rCold    . . .     Faith    .   (shield restricted)
rNeg     . . .     Spirit   .   b - +0 robe
rPois    .         Reflect  .   (helmet restricted)
rElec    .         Harm     .   (no cloak)
rCorr    .         Rampage  .   (gloves unavailable)
Will     .....     NoTele   +   (boots unavailable)
Stlth    ++++++....             (no amulet)
HPRegen  0.07/turn              (no ring)
MPRegen  0.11/turn              (no ring)

@: very quick
A: very small, unfitting armour, see invisible, speed 3
a: Renounce Religion, Receive Corpses


You were in the Dungeon.
You worshipped Kikubaaqudgha.
Kikubaaqudgha was pleased with you.
You visited 1 branch

Inventory:

Hand Weapons
 a - a +2 dagger
 n - a +0 dagger of venom (weapon)
Missiles
 j - 10 stones (quivered)
Armour
 b - a +0 robe (worn)
Scrolls
 i - a scroll of blinking
 k - 3 scrolls of remove curse
 l - 5 scrolls of amnesia
 m - a scroll of summoning
Potions
 c - 2 potions of invisibility
 d - 6 potions of curing
 e - 6 potions of heal wounds
 f - a potion of haste
 g - 4 potions of magic
 h - 3 potions of berserk rage


   Skills:
 - Level 1.1 Short Blades
 - Level 3.0 Dodging
 * Level 13.9 Stealth
 + Level 2.9 Spellcasting
 + Level 3.7 Hexes


You had 2 spell levels left.
You knew the following spells:

 Your Spells              Type           Power        Failure   Level
a - Corona                Hex            15%          4%          1
b - Ensorcelled Hibernat  Hex/Ice        16%          13%         2
c - Confusing Touch       Hex            14%          12%         3

Your spell library contained the following spells:

 Spells                   Type           Power        Failure   Level
 Animate Skeleton         Necr           4%           19%         1
 Pain                     Necr           8%           19%         1
 Sublimation of Blood     Necr           1%           28%         2
 Tukima's Dance           Hex            14%          12%         3
 Dazzling Flash           Conj/Hex       16%          26%         3
 Vampiric Draining        Necr           1%           50%         3


Dungeon Overview and Level Annotations

Branches:
Dungeon (1/1)

Altars:
Ashenzari
Cheibriados
Dithmenos
Elyvilon
Fedhas
Gozag
Hepliaklqana
Kikubaaqudgha
Makhleb
Nemelex Xobeh
Okawaru
Qazlal
Ru
Sif Muna
Trog
Uskayaw
Vehumet
Wu Jian
Xom
Yredelemnul
Zin
The Shining One
Beogh
Jiyva
Lugonu


Innate Abilities, Weirdness & Mutations

You are very small and have problems with some larger weapons.
You are too small for most types of armour.
You have supernaturally acute eyesight. (SInv)
You cover ground extremely quickly.


Message History

Unknown command.
Casting: Ensorcelled Hibernation (safe; 13% risk of failure)
Confirm with . or Enter, or press ? or * to list all spells.
The spell is extremely dangerous to cast (12% risk of failure)!
Continue anyway?
Your hands begin to glow red.
The flying skull misses you.
You hit the flying skull but do no damage.
The crimson imp blinks!
The flying skull hits you.
You hit the flying skull but do no damage.
The flying skull misses you.
You hit the flying skull but do no damage.
The flying skull closely misses you. The flying skull misses you.
You hit the flying skull but do no damage.
The flying skull hits you!
You hit the flying skull but do no damage.
The flying skull appears confused.
The flying skull closely misses you.
The crimson imp blinks!
The flying skull closely misses you.
You closely miss the flying skull. The flying skull hits you!
Ouch! That really hurt!
You die...
Kikubaaqudgha rasps: "You have failed me!
Welcome... death!"

##########'##.....
#.?..')))).##.....
##########.##.....
#...........'.....
#'#####'#####.....
#.#..#...'.##.....
#.#..#...#.#####'#
#.#..#####.##.....
#@#..'..)#)##.....
#z#..')..).##.....
#b#..########...<.
#.#..'.)))[##.....
#.#.†#.)).[##.....
#5###########.....
#...5...# ######
#Z###b..#
#.#.....#


You could see a flying skull (confused), a crimson imp, a bat zombie (wandering)
and a bat.

Vanquished Creatures
  A floating eye (D)
  3 orcs (D)
  A bat skeleton (D)
  A ball python (D)
  A frilled lizard (D)
  A kobold (D)
  A leopard gecko skeleton (D)
9 creatures vanquished.

Notes
Turn   | Place    | Note
-------+----------+-------------------------------------------
     0 | D        | Groucho the Spriggan Enchanter began the quest for the Orb.
     0 | D        | Reached XP level 1. HP: 9/9 MP: 5/5
     8 | D        | Noticed a floating eye
    15 | D        | Paralysed by a floating eye for 4 turns
    23 | D        | Paralysed by a floating eye for 3 turns
    29 | D        | Paralysed by a floating eye for 3 turns
    33 | D        | Killed a floating eye
    34 | D        | Reached skill level 13 in Stealth
    34 | D        | Reached XP level 2. HP: 13/13 MP: 6/6
    34 | D        | Reached XP level 3. HP: 16/16 MP: 8/8
    34 | D        | Reached XP level 4. HP: 21/21 MP: 9/9
    37 | D        | Learned a level 2 spell: Ensorcelled Hibernation
    41 | D        | Learned a level 3 spell: Confusing Touch
    66 | D        | Found a bloodstained altar of Trog.
    66 | D        | Found a shimmering blue altar of Sif Muna.
    66 | D        | Found a viscous altar of Jiyva.
    66 | D        | Found a hazy altar of Hepliaklqana.
    66 | D        | Found an opulent altar of Gozag.
    67 | D        | Found a glowing golden altar of the Shining One.
    67 | D        | Found a glowing silver altar of Zin.
    67 | D        | Found a basalt altar of Yredelemnul.
    67 | D        | Found a shimmering altar of Xom.
    67 | D        | Found an ornate altar of the Wu Jian Council.
    67 | D        | Found a sacrificial altar of Ru.
    67 | D        | Found a stormy altar of Qazlal.
    67 | D        | Found an iron altar of Okawaru.
    67 | D        | Found a sparkling altar of Nemelex Xobeh.
    67 | D        | Found a burning altar of Makhleb.
    67 | D        | Found a blossoming altar of Fedhas.
    67 | D        | Found a white marble altar of Elyvilon.
    67 | D        | Found a shadowy altar of Dithmenos.
    67 | D        | Found a snail-covered altar of Cheibriados.
    69 | D        | Found a radiant altar of Vehumet.
    69 | D        | Found a corrupted altar of Lugonu.
    69 | D        | Found a roughly hewn altar of Beogh.
    70 | D        | Found a hide-covered altar of Uskayaw.
    70 | D        | Found an ancient bone altar of Kikubaaqudgha.
    70 | D        | Found a broken altar of Ashenzari.
    87 | D        | Became a worshipper of Kikubaaqudgha
   380 | D        | Reached * piety under Kikubaaqudgha
   380 | D        | Identified Kikubaaqudgha's Grimoire of Darkness
                  | (Kikubaaqudgha gifted it to you in the Dungeon)
   380 | D        | Received a gift from Kikubaaqudgha
   878 | D        | Reached ** piety under Kikubaaqudgha
  1204 | D        | Noticed a flying skull
  1221 | D        | Slain by a flying skull

Illustrated notes

Levels and vault maps discovered:
D:        pitsprint [storerooms_1, entrance_room_1, metal_vault_1, armoury_2,
          mini_pit_1, grid_room_1, main_hall_1, silver_pit, the_coven_1,
          the_vestibule_1, steel_vault_5, golden_pit, hallway_of_sentries,
          crystal_vault_4, iron_vault_4, final_vault]

Skill      XL: |  1 |
---------------+----+-----
Stealth        | 13 | 13.9
Short Blades   | |  1.1
Dodging        | |  3.0
Spellcasting   | |  2.9
Hexes          | |  3.7

Action                   |  1- 3 |  4- 6 || total
-------------------------+-------+-------++-------
Melee: Dagger            |    15 |    14 ||    29
Throw: Stone             |       |     1 ||     1
 Cast: Ensorcelled Hiber |       |     3 ||     3
       Confusing Touch   |       |     1 ||     1
 Stab: Sleeping          |       |     8 ||     8
Dodge: Dodged            |       |     7 ||     7
